 Dungeon Crawl Stone Soup version 0.30-a0-140-gd1020e658a (webtiles) character file.

Game seed: 11910731576279848233

22 jlumianski the Chopper (level 2, 0/18 HPs)
             Began as a Gargoyle Gladiator on Sept 24, 2022.
             Slain by Terence
             ... wielding a +0 mace
              (2 damage)
             ... on level 2 of the Dungeon.
             The game lasted 00:02:29 (633 turns).

jlumianski the Chopper (Gargoyle Gladiator)          Turns: 633, Time: 00:02:29

Health: 0/18       AC:  9    Str: 17    XL:     2   Next: 91%
Magic:  2/2        EV: 10    Int:  8    God:
Gold:   56         SH:  0    Dex: 11    Spells: 1/1 levels left

rFire   . . .      SeeInvis .    a - +0 war axe
rCold   . . .      Faith    .    (no shield)
rNeg    + . .      Spirit   .    i - +0 scale mail
rPois   ∞          Reflect  .    c - +0 helmet
rElec   +          Harm     .    (no cloak)
rCorr   .          Rampage  .    (no gloves)
Will    .....                    (no boots)
Stlth   ..........               (no amulet)
HPRegen 0.06/turn                (no ring)
MPRegen 0.08/turn                (no ring)

@: no status effects
A: sickness immunity, AC +2, negative energy resistance 1, electricity
resistance, torment resistance 1, petrification resistance
a: no special abilities


You were on level 2 of the Dungeon.
You visited 1 branch of the dungeon, and saw 2 of its levels.

You collected 56 gold pieces.

Inventory:

Hand Weapons
 a - a +0 war axe (weapon)
Missiles
 d - 3 throwing nets (quivered)
 j - 3 poisoned darts
Armour
 b - a +0 leather armour
 c - a +0 helmet (worn)
 i - a +0 scale mail (worn)
Magical Staves
 h - a staff of air
Scrolls
 f - a scroll of identify {unknown}
 k - a scroll of noise {unknown}
 l - a scroll of magic mapping {unknown}
 o - a scroll of teleportation {unknown}
Potions
 g - a potion of cancellation {unknown}
 m - a potion of curing {unknown}
 n - a potion of invisibility {unknown}


   Skills:
 + Level 2.4 Fighting
 + Level 3.3 Axes
 + Level 1.8 Throwing
 + Level 2.6 Dodging


You had one spell level left.
You didn't know any spells.
Your spell library was empty.

Dungeon Overview and Level Annotations

Branches:
Dungeon (2/15)

Altars:

Annotations:
D:2 Terence


Innate Abilities, Weirdness & Mutations

You are immune to sickness and miasma.
Your stone body is resilient. (AC +2)
You are immune to poison.
You resist negative energy. (rN+)
You are resistant to electric shocks. (rElec)
You are resistant to unholy torment.
You are immune to petrification.


Message History

The endoplasm quivers.
The endoplasm closely misses you. The endoplasm attacks as you move away!
The endoplasm hits you but does no damage.
You slash the endoplasm!
You kill the endoplasm!
A frilled lizard comes into view.
Found a staff of air and 2 bubbling sapphire potions.
Found a scroll of immolation.
Found a faded altar of an unknown god.
Found a scroll labelled CYUXTOFUXE.
The frilled lizard bites you.
You closely miss the frilled lizard. The frilled lizard misses you.
You hit the frilled lizard.
You kill the frilled lizard!
Found a scroll labelled NIPA PYUCVIHAATZ.
Found a robe.
Terence the Incautious comes into view.
He is wielding a +0 mace.
Found 6 gold pieces.
You see here 2 bubbling sapphire potions.
Throw: javelin
Press: ? - help, Q - select action, (/) - cycle Shift-Dir - straight line, f - Terence
Aim: Terence, wielding a +0 mace and wearing a +3 scale mail (60% to hit)
You throw a javelin. The javelin closely misses Terence.
You closely miss Terence. Terence closely misses you.
You closely miss Terence. Terence hits you with a +0 mace.
You slash Terence!
Terence is heavily wounded.
Terence hits you with a +0 mace! Terence completely misses you.
You hit Terence.
Terence is severely wounded.
Terence hits you but does no damage.
You barely miss Terence. You punch Terence.
Terence is almost dead.
Terence barely misses you.
You closely miss Terence.
Terence is almost dead.
Terence hits you with a +0 mace.
* * * LOW HITPOINT WARNING * * *
Terence hits you with a +0 mace.
You die...

#.######.. #.<.....^.
.#.....(#..
##.######.#
$#...#.#.. ...# [.#
........ ##.#
...##.#.... #.####
#.#?....## ..# #....#
##..._....+ ..#
####.#
#.....@...#...# #.#
.#.....@!..#...# #)#
#?.....#........# #.#
#.#|.##..#..#...# #.#
#...............# #<#
#.............#.# #.#
#######.##..### #.#
#....## #.### ####.#
#...##########.####.#


You could see Terence.

Vanquished Creatures
  A dart slug (D:1)
  2 ball pythons (D:1)
  A bat (D:1)
  3 endoplasms
  A quokka (D:2)
  4 frilled lizards
  2 kobolds
  9 rats (D:1)
23 creatures vanquished.

Notes
Turn   | Place    | Note
-------+----------+-------------------------------------------
     0 | D:1      | jlumianski the Gargoyle Gladiator began the quest for the
                  | Orb.
     0 | D:1      | Reached XP level 1. HP: 12/12 MP: 1/1
    86 | D:1      | Reached skill level 3 in Axes
    86 | D:1      | Reached XP level 2. HP: 15/17 MP: 2/2
   613 | D:2      | Found a faded altar of an unknown god.
   623 | D:2      | Noticed Terence
   633 | D:2      | Slain by Terence

Illustrated notes

Levels and vault maps discovered:
D:1:      minmay_arrival_three_doors, layout_rooms, dreamdust_princess_bridge,
          chequers_jeans, minmay_rat_gold_closets
D:2:      layout_loops_ring, basic_altar, hellmonk_ecumenical_altar_blasted,
          serial_shops, shop, nicolae_underground_beach, uniq_terence,
          uniq_jessica, uniq_robin

Skill      XL: |  1 |
---------------+----+-----
Axes           | 3 |  3.3
Fighting       | |  2.4
Throwing       | |  1.8
Dodging        | |  2.6

Action                   || total
-------------------------++-------
Melee: War axe           ||    52
       Punch             ||     1
Throw: Javelin           ||     2
Armor: Leather armour    ||     5
       Scale mail        ||    16
Dodge: Dodged            ||    32

Table legend: (Time is in decaauts)
 A = Elapsed time spent in this place.
 B = Non-inter-level travel time spent in this place.
 C = Inter-level travel time spent in this place.
 D = Time resting spent in this place.
 E = Time spent auto-exploring this place.
 F = Levels seen in this place.
 G = Mean time per level.
                   A        B        C        D        E       F      G
               +--------+--------+--------+--------+--------+-----+--------+
         Total |    651 |    651 |      0 |      0 |    268 |   2 |  325.5 |
       Dungeon |    651 |    651 |      0 |      0 |    268 |   2 |  325.5 |
               +--------+--------+--------+--------+--------+-----+--------+

Top non-repeatable levels by time:
     D:1: 570 daAuts
     D:2: 81 daAuts
